 Dungeon Crawl Stone Soup version 0.31.0 (webtiles) character file.

Game seed: 1594237410430760825

65 HakonGodeson the Trooper (level 4, -3/35 HPs)
             Began as a Human Fighter on Jan 20, 2024.
             Slain by a goblin
             ... wielding a +0 club
             ... led by Robin
              (5 damage)
             ... on level 4 of the Dungeon.
             The game lasted 00:02:07 (528 turns).

HakonGodeson the Trooper (Human Fighter)             Turns: 528, Time: 00:02:07

Health: -3/35      AC:  6    Str: 16    XL:     4   Next: 14%
Magic:  4/4        EV:  9    Int: 11    God:
Gold:   45         SH:  4    Dex: 12    Spells: 3/3 levels left

rFire   . . .        a - +0 war axe
rCold   . . .        c - +0 buckler
rNeg    . . .        b - +0 scale mail
rPois   .            (no helmet)
rElec   .            (no cloak)
rCorr   .            (no gloves)
SInv    .            (no boots)
Will    .....        (no amulet) Stlth
                     (no ring)
HPRegen 0.25/turn    (no ring)
MPRegen 0.09/turn

%: no passive effects
@: mighty, weak-willed
A: explore regen
a: no special abilities


You were on level 4 of the Dungeon.
You visited 1 branch of the dungeon, and saw 3 of its levels.

You collected 45 gold pieces.

Inventory:

Hand Weapons
 a - a +0 war axe (weapon)
Armour
 b - a +0 scale mail (worn)
 c - a +0 buckler (worn)
Jewellery
 f - an amulet of magic regeneration
Potions
 d - 2 potions of might


   Skills:
 * Level 3.3 Fighting
 * Level 3.0 Axes
 * Level 3.3 Armour
 * Level 0.8 Dodging
 * Level 0.7 Stealth
 * Level 3.3 Shields


You had 3 spell levels left.
You didn't know any spells.
Your spell library was empty.

Dungeon Overview and Level Annotations

Branches:
Dungeon (2/15)

Altars:
The Shining One

Annotations:
D:4 Robin


Innate Abilities, Weirdness & Mutations

You regain HP and MP as you explore.


Message History

The goblins go into a battle-frenzy!
You block the hobgoblin's attack.
You slash the hobgoblin!
You kill the hobgoblin!
You barely miss the goblin. The goblin barely misses you.
The goblin hits you with a +0 dagger.
You slice the goblin!!
You kill the goblin!
Your Axes skill increases to level 3!
You barely miss the goblin. The goblin hits you with a +0 club.
* * * LOW HITPOINT WARNING * * *
The goblin barely misses you.
You hit the goblin.
You kill the goblin!
Robin says, "A pitiful Human like you will never find the ORB!"
You slice the goblin!!
You kill the goblin!
Robin throws the goblin at you!
* * * LOW HITPOINT WARNING * * *
The goblin hits you but does no damage.
Items here: $ )))))) †††††.
You completely miss the goblin. You barely miss the goblin.
The goblin hits you with a +0 club.
* * * LOW HITPOINT WARNING * * *
The goblin hits you but does no damage. The goblin hits you with a +0 club.
* * * LOW HITPOINT WARNING * * *
The goblin closely misses you.
Unknown command.
Okay, then.
As you read the scroll labelled IKARUV WEFRIEPP, it crumbles to dust.
A wave of despondency washes over your surroundings.
It was a scroll of vulnerability.
The goblin hits you with a +0 club.
* * * LOW HITPOINT WARNING * * *
The goblin hits you but does no damage.
Robin says, "Bow before me, strongest of all the hobgoblins!"
Unknown command.
You slash the goblin!
You kill the goblin!
You barely miss the goblin. The goblin hits you with a +0 club.
You die...

#.....##.....
#.....##.#.##########
+.....'..............
#.............#######
####gg###'###.####
##g#.....#....+
#g#.....#.####
#)#.._..#.#
#@#.....#.##
#g#.....#..######.
#.#######.........
..................
########.####...###
#..............
####.##(######+###
#.....#.# #§§§§#
#.##.##.. +§§§§#


You could see Robin (weak-willed), 2 hobgoblins and 2 goblins.

Vanquished Creatures
  A sleepcap (D:4)
  A dart slug (D:1)
  A ball python (D:4)
  4 bats
  3 endoplasms
  10 goblins
  2 hobgoblins
  4 jackals (D:1)
  2 kobolds
  A quokka (D:2)
  2 frilled lizards (D:1)
31 creatures vanquished.

Notes
Turn   | Place    | Note
-------+----------+-------------------------------------------
     0 | D:1      | HakonGodeson the Human Fighter began the quest for the Orb.
     0 | D:1      | Reached XP level 1. HP: 18/18 MP: 1/1
   112 | D:1      | Reached XP level 2. HP: 24/24 MP: 2/2
   281 | D:2      | Reached XP level 3. HP: 22/29 MP: 3/3
   325 | D:2      | You fall into a shaft and drop 2 floors!
   383 | D:4      | Found a glowing golden altar of the Shining One.
   384 | D:4      | Noticed Robin
   515 | D:4      | Reached XP level 4. HP: 16/35 MP: 4/4
   528 | D:4      | Slain by a goblin

Illustrated notes

Levels and vault maps discovered:
D:1:      dpeg_arrival_shelter, layout_basic,
          dilly_ecumenical_altar_fadedgnrine, bh_walls_and_bars
D:2:      minmay_inner_zag, layout_rooms, basic_altar, dk_noncrumbling_2,
          nicolae_the_louvre
D:4:      layout_basic, amcnicky_altar_gilded, mainiacjoe_overflow_brackets,
          kennysheep_mini_moat, minmay_temple_entry_crystal_x,
          gammafunk_ghost_stat_death, uniq_edmund, uniq_robin,
          uniq_crazy_yiuf_cottage

Skill      XL: |  1  2  3  4 |
---------------+-------------+-----
Axes           | 3 |  3.0
Fighting       | |  3.3
Armour         | |  3.3
Dodging        | |  0.8
Stealth        | |  0.7
Shields        | |  3.3

Action                     |  1- 3 |  4- 6 || total
---------------------------+-------+-------++-------
  Melee: War axe           |    49 |    12 ||    61
    Use: Scroll            |     1 |     1 ||     2
         Potion            |     1 |       ||     1
 Armour: Scale mail        |    68 |    11 ||    79
  Dodge: Dodged            |    51 |     4 ||    55
  Block: Buckler           |    18 |     1 ||    19
